 Dungeon Crawl Stone Soup version 0.32-a0-799-g95e1662365 (console) character file.

Game seed: 5307914200453628655

7763 jejorda2 the Spear-Bearer (level 11, -5/133 HPs)
             Began as a Gnoll Berserker on Mar 21, 2024.
             Was an Elder of Trog.
             Slain by a red ugly thing (20 damage)
             ... on level 9 of the Dungeon.
             The game lasted 00:20:01 (9792 turns).

jejorda2 the Spear-Bearer (Gnoll Berserker)         Turns: 9792, Time: 00:20:01

Health: -5/133     AC: 13    Str: 20    XL:     11   Next: 20%
Magic:  20/20      EV:  9    Int:  7    God:    Trog [****..]
Gold:   569        SH:  9    Dex: 12    Spells: 22/22 levels left

rFire   . . .        a - +1 trident (elec)
rCold   . . .        f - +0 kite shield
rNeg    + . .        s - +0 chain mail
rPois   .            (no helmet)
rElec   .            k - +0 cloak
rCorr   +            (no gloves)
SInv    .            e - +0 pair of boots
Will    .....        (no amulet) Stlth
                     l - ring of positive energy
HPRegen 0.42/turn    n - ring of resist corrosion
MPRegen 0.17/turn

%: no passive effects
@: berserking (expiring), very quick
A: fangs 1, strong nose, distributed training
a: Renounce Religion, Berserk, Trog's Hand, Brothers in Arms


You were on level 9 of the Dungeon.
You worshipped Trog.
Trog was greatly pleased with you.
You visited 1 branch of the dungeon, and saw 9 of its levels.
You also visited: Ossuary.

You collected 569 gold pieces.

Inventory:

Hand Weapons
 a - a +1 trident of electrocution (weapon)
 b - a +0 broad axe of flaming
Missiles
 m - 22 poisoned darts (quivered)
 q - 3 curare-tipped darts
 w - 13 boomerangs
Armour
 e - a +0 pair of boots (worn)
 f - a +0 kite shield (worn)
 k - a +0 cloak (worn)
 s - a +0 chain mail (worn)
Jewellery
 l - a ring of positive energy (left hand)
 n - a ring of resist corrosion (right hand)
 y - a ring of ice
Wands
 h - a wand of flame (38)
 t - a wand of warping (5)
Scrolls
 o - 3 scrolls of fog
 r - a scroll of brand weapon
 u - a scroll of revelation
 v - 5 scrolls of identify
 D - a scroll of enchant weapon
Potions
 c - a potion of enlightenment
 d - a potion of attraction
 g - 8 potions of curing
 i - a potion of cancellation
 j - 2 potions of heal wounds
 p - 2 potions of mutation
 z - a potion of haste
 A - a potion of degeneration {unknown}
 B - a potion of magic {unknown}
 C - a potion of might {unknown}
Miscellaneous
 x - a phantom mirror (inert)


   Skills:
 + Level 9.2 Fighting
 + Level 6.3 Short Blades
 + Level 6.3 Long Blades
 + Level 6.3 Axes
 + Level 6.3 Maces & Flails
 + Level 9.2 Polearms
 + Level 6.3 Staves
 + Level 6.3 Ranged Weapons
 + Level 6.3 Throwing
 + Level 7.9 Armour
 + Level 7.9 Dodging
 + Level 6.3 Stealth
 + Level 6.3 Shields
 + Level 6.3 Unarmed Combat
 + Level 6.3 Spellcasting
 + Level 5.2 Conjurations
 + Level 5.2 Hexes
 + Level 5.2 Summonings
 + Level 5.2 Necromancy
 + Level 5.2 Translocations
 + Level 5.2 Fire Magic
 + Level 5.2 Ice Magic
 + Level 5.2 Air Magic
 + Level 5.2 Earth Magic
 + Level 5.2 Alchemy
 + Level 6.9 Invocations
 + Level 6.3 Evocations
 + Level 5.7 Shapeshifting


You had 22 spell levels left.
You didn't know any spells.
Your spell library was empty.

Dungeon Overview and Level Annotations

Branches:
Dungeon (9/15)             Temple (0/1) D:4         Ossuary (visited)
   Lair: D:8-11         Orc: D:9-12

Altars:
Ashenzari
Fedhas
Gozag
Nemelex Xobeh
Okawaru
Qazlal
Ru
Uskayaw
Yredelemnul
Zin
The Shining One

Shops:
D:7 =


Innate Abilities, Weirdness & Mutations

You have very sharp teeth.
Your uncanny sense of smell can sniff out nearby items.
Your experience applies equally to all skills.


Message History

You feel yourself moving faster!
You feel mighty!
You puncture the cyclops!
The cyclops is severely wounded.
The cyclops hits you!!
You hit the cyclops. Lightning courses through the cyclops!
You bite the cyclops.
You kill the cyclops!
Trog accepts your kill.
The red ugly thing completely misses you.
You see here 4 large rocks.
You hit the red ugly thing.
Lightning courses through the red ugly thing!
Your bite misses the red ugly thing.
The red ugly thing is moderately wounded.
The red ugly thing kicks you!
You are engulfed in flames!
You barely miss the red ugly thing.
The red ugly thing is moderately wounded.
You barely miss the red ugly thing.
The red ugly thing is moderately wounded.
The red ugly thing kicks you.
You are engulfed in flames!!
* * * LOW HITPOINT WARNING * * *
You barely miss the red ugly thing. You bite the red ugly thing.
The red ugly thing is moderately wounded.
The red ugly thing kicks you but does no damage.
You closely miss the red ugly thing. Your bite misses the red ugly thing.
The red ugly thing is moderately wounded.
You barely miss the red ugly thing.
The red ugly thing is moderately wounded.
You block the red ugly thing's attack.
You puncture the red ugly thing!
The red ugly thing is heavily wounded.
The red ugly thing barely misses you.
You puncture the red ugly thing! Your bite misses the red ugly thing.
The red ugly thing is severely wounded.
You barely miss the red ugly thing.
The red ugly thing is severely wounded.
The red ugly thing kicks you!
* * * LOW HITPOINT WARNING * * *
You are engulfed in flames!!
You die...

###########################
)...).........zu@..........
##....(.......9##########..
#.............'...#∆∆
#.............#...#∆∆
########......#s..#
#P^^PP#......#...#
#PP...#......#sC.#
#PP_.P#......#.C9. ∆
#P..P^#......#u.z..


You could see a red ugly thing, a gargoyle and a laughing skull.

Vanquished Creatures
  2 two-headed ogres (D:8)
  A tengu warrior (D:9)
  A cyclops (D:9)
  Maggie (D:7)
  A tengu conjurer (D:9)
  A jumping spider (shapeshifter) (D:9)
  6 yaks (D:8)
  2 steam dragons
  Edmund (D:5)
  Menkaure (D:5)
  A water moccasin (D:8)
  An ice beast (D:8)
  A black bear (D:6)
  3 sky beasts
  An ogre (D:4)
  3 centaurs
  2 boggarts (D:8)
  3 elf zombies (Ossuary)
  Blork the orc (D:5)
  2 kobold brigands
  A gnoll sergeant (D:9)
  5 wights (D:7)
  A burial acolyte (Ossuary)
  14 killer bees
  A centaur zombie (Ossuary)
  A gnoll bouda (D:9)
  A hound (D:7)
  2 human zombies (Ossuary)
  2 jellies
  3 bombardier beetles
  2 orc priests (D:5)
  5 iguanas
  2 sleepcaps
  8 orc wizards
  Ijyb (D:3)
  A crocodile zombie (Ossuary)
  A hound zombie (Ossuary)
  3 mummies (Ossuary)
  18 gnolls
  4 adders
  A shadow imp (D:8)
  2 white imps
  2 ufetubi (D:5)
  4 adder zombies (Ossuary)
  3 ribbon worms
  3 dart slugs
  30 orcs
  6 endoplasms
  2 giant cockroaches
  6 hobgoblins
  15 jackals
  6 quokkas
  5 ball pythons
  4 ball python zombies (Ossuary)
  4 bats
  4 frilled lizards
  2 gnoll zombies (Ossuary)
  9 goblins
  5 jackal zombies (Ossuary)
  8 kobolds
  5 kobold zombies (Ossuary)
  An orc zombie (Ossuary)
  9 rats
247 creatures vanquished.

Notes
Turn   | Place    | Note
-------+----------+-------------------------------------------
     0 | D:1      | jejorda2 the Gnoll Berserker began the quest for the Orb.
     0 | D:1      | Reached XP level 1. HP: 23/23 MP: 1/1
   107 | D:1      | Reached XP level 2. HP: 28/29 MP: 2/2
   398 | D:1      | Reached XP level 3. HP: 17/35 MP: 3/3
   522 | D:1      | Reached skill level 1 in Invocations
   593 | D:1      | Reached ** piety under Trog
  1107 | D:2      | Reached skill level 1 in Short Blades
  1107 | D:2      | Reached skill level 1 in Long Blades
  1107 | D:2      | Reached skill level 1 in Axes
  1107 | D:2      | Reached skill level 1 in Maces & Flails
  1107 | D:2      | Reached skill level 1 in Staves
  1107 | D:2      | Reached skill level 1 in Ranged Weapons
  1107 | D:2      | Reached skill level 1 in Throwing
  1107 | D:2      | Reached skill level 1 in Stealth
  1107 | D:2      | Reached skill level 1 in Shields
  1107 | D:2      | Reached skill level 1 in Unarmed Combat
  1107 | D:2      | Reached skill level 1 in Spellcasting
  1107 | D:2      | Reached skill level 1 in Evocations
  1112 | D:2      | Reached skill level 1 in Shapeshifting
  1112 | D:2      | Reached XP level 4. HP: 41/41 MP: 5/5
  1117 | D:2      | Reached skill level 1 in Conjurations
  1117 | D:2      | Reached skill level 1 in Hexes
  1117 | D:2      | Reached skill level 1 in Summonings
  1117 | D:2      | Reached skill level 1 in Necromancy
  1117 | D:2      | Reached skill level 1 in Translocations
  1117 | D:2      | Reached skill level 1 in Fire Magic
  1117 | D:2      | Reached skill level 1 in Ice Magic
  1117 | D:2      | Reached skill level 1 in Air Magic
  1117 | D:2      | Reached skill level 1 in Earth Magic
  1117 | D:2      | Reached skill level 1 in Alchemy
  1587 | D:2      | Reached XP level 5. HP: 47/47 MP: 7/7
  1999 | D:3      | Noticed Ijyb
  2018 | D:3      | Killed Ijyb
  2173 | D:3      | Found a basalt altar of Yredelemnul.
  2352 | D:3      | Found a faded altar of an unknown god.
  2357 | D:3      | Found a broken altar of Ashenzari.
  2646 | D:4      | Reached XP level 6. HP: 53/53 MP: 8/8
  2678 | D:4      | Found a glowing silver altar of Zin.
  2712 | D:4      | Found a staircase to the Ecumenical Temple.
  2770 | D:4      | Found an iron altar of Okawaru.
  2805 | D:4      | Reached skill level 5 in Armour
  2805 | D:4      | Reached skill level 5 in Dodging
  3064 | D:4      | Found a sparkling altar of Nemelex Xobeh.
  3216 | D:4      | Found a stormy altar of Qazlal.
  3458 | D:4      | Reached XP level 7. HP: 60/60 MP: 10/10
  3668 | D:5      | Entered Level 5 of the Dungeon
  4155 | D:5      | Reached *** piety under Trog
  4289 | D:5      | Found an opulent altar of Gozag.
  4488 | D:5      | Noticed Edmund
  4499 | D:5      | Killed Edmund
  4533 | D:5      | Noticed Menkaure
  4546 | D:5      | Killed Menkaure
  4547 | D:5      | Reached XP level 8. HP: 36/67 MP: 12/12
  4790 | D:5      | Noticed Blork the orc
  4800 | D:5      | Killed Blork the orc
  4940 | D:6      | Found a sand-covered staircase.
  4945 | Ossuary  | Entered an ossuary
  5841 | D:6      | Found a hide-covered altar of Uskayaw.
  6126 | D:6      | Reached **** piety under Trog
  6250 | D:6      | Reached XP level 9. HP: 58/73 MP: 13/15
  6908 | D:7      | Noticed Maggie
  6923 | D:7      | Killed Maggie
  7143 | D:7      | Reached skill level 5 in Invocations
  7677 | D:7      | Found a glowing golden altar of the Shining One.
  7775 | D:7      | Found Aqyc's Jewellery Shop.
  8253 | D:8      | Reached skill level 5 in Short Blades
  8253 | D:8      | Reached skill level 5 in Long Blades
  8253 | D:8      | Reached skill level 5 in Axes
  8253 | D:8      | Reached skill level 5 in Maces & Flails
  8253 | D:8      | Reached skill level 5 in Staves
  8253 | D:8      | Reached skill level 5 in Ranged Weapons
  8253 | D:8      | Reached skill level 5 in Throwing
  8253 | D:8      | Reached skill level 5 in Stealth
  8253 | D:8      | Reached skill level 5 in Shields
  8253 | D:8      | Reached skill level 5 in Unarmed Combat
  8253 | D:8      | Reached skill level 5 in Spellcasting
  8253 | D:8      | Reached skill level 5 in Evocations
  8253 | D:8      | Reached XP level 10. HP: 81/81 MP: 17/17
  8638 | D:8      | Reached skill level 5 in Shapeshifting
  8650 | D:8      | Noticed a two-headed ogre
  8653 | D:8      | Noticed a two-headed ogre
  8659 | D:8      | Killed a two-headed ogre
  8669 | D:8      | Killed a two-headed ogre
  9162 | D:9      | Noticed a tengu warrior
  9188 | D:9      | Killed a tengu warrior
  9189 | D:9      | Reached skill level 5 in Conjurations
  9189 | D:9      | Reached skill level 5 in Hexes
  9189 | D:9      | Reached skill level 5 in Summonings
  9189 | D:9      | Reached skill level 5 in Necromancy
  9189 | D:9      | Reached skill level 5 in Translocations
  9189 | D:9      | Reached skill level 5 in Fire Magic
  9189 | D:9      | Reached skill level 5 in Ice Magic
  9189 | D:9      | Reached skill level 5 in Air Magic
  9189 | D:9      | Reached skill level 5 in Earth Magic
  9189 | D:9      | Reached skill level 5 in Alchemy
  9189 | D:9      | Reached XP level 11. HP: 42/89 MP: 18/20
  9287 | D:9      | Found a sacrificial altar of Ru.
  9373 | D:9      | Found a blossoming altar of Fedhas.
  9767 | D:9      | Noticed a cyclops
  9767 | D:9      | Noticed a cyclops
  9767 | D:9      | Noticed a red ugly thing
  9782 | D:9      | Killed a cyclops
  9792 | D:9      | Slain by a red ugly thing

Illustrated notes

Levels and vault maps discovered:
D:1:      evilmike_arrival_hilbert_curve, layout_basic, minmay_cut_off
D:2:      layout_loops_ring
D:3:      layout_loops_cross, mainiacjoe_overflow_alcove_2,
          nicolae_overflow_ecumenical_swirl, chequers_serial_rivers_micro_b,
          uniq_ijyb
D:4:      layout_basic, nicolae_overflow_crystal_walls,
          mainiacjoe_overflow_boulevard, zin_scriptorium,
          nemelex_xobeh_ov_fountains_minmay, minmay_temple_entry_glass,
          serial_aquarium, aquarium_bridge_long_separate
          [aquarium_subvault_bridge, aquarium_subvault_wall,
          aquarium_subvault_balcony, aquarium_subvault_bridge,
          aquarium_subvault_window, aquarium_subvault_wall],
          aquarium_bridge_square [aquarium_subvault_wall,
          aquarium_subvault_balcony, aquarium_subvault_bridge,
          aquarium_subvault_wall], aquarium_window_2, aquarium_window_fake,
          aquarium_window_1, aquarium_view_2c, aquarium_balcony_3b,
          minmay_quantized
D:5:      layout_gridville, grunt_gozag_breadcrumbs, uniq_menkaure, uniq_edmund,
          uniq_blork_the_orc
D:6:      layout_layer_cave, eat_drink_and_be_merry_uskayaw, enter_ossuary_5
D:7:      layout_cave_pods, old_standard_altar, serial_shops, shop, uniq_maggie
D:8:      layout_rooms, nicolae_phantomly_mirrored
D:9:      minmay_shrinking_squares, layout_long_grid,
          nicolae_ru_the_path_less_chosen, mainiacjoe_overflow_brackets,
          nicolae_overflow_hidden_temple

Skill      XL: |  1  2  3  4  5  6  7  8  9 10 |
---------------+-------------------------------+-----
Invocations    | 1 2 3 4 5 6 |  6.9
Short Blades   | 1 2 3 4 5 6 |  6.3
Long Blades    | 1 2 3 4 5 6 |  6.3
Axes           | 1 2 3 4 5 6 |  6.3
Maces & Flails | 1 2 3 4 5 6 |  6.3
Staves         | 1 2 3 4 5 6 |  6.3
Ranged Weapons | 1 2 3 4 5 6 |  6.3
Throwing       | 1 2 3 4 5 6 |  6.3
Stealth        | 1 2 3 4 5 6 |  6.3
Shields        | 1 2 3 4 5 6 |  6.3
Unarmed Combat | 1 2 3 4 5 6 |  6.3
Spellcasting   | 1 2 3 4 5 6 |  6.3
Evocations     | 1 2 3 4 5 6 |  6.3
Shapeshifting  | 1 2 3 4 5 |  5.7
Conjurations   | 1 2 3 4 5 |  5.2
Hexes          | 1 2 3 4 5 |  5.2
Summonings     | 1 2 3 4 5 |  5.2
Necromancy     | 1 2 3 4 5 |  5.2
Translocations | 1 2 3 4 5 |  5.2
Fire Magic     | 1 2 3 4 5 |  5.2
Ice Magic      | 1 2 3 4 5 |  5.2
Air Magic      | 1 2 3 4 5 |  5.2
Earth Magic    | 1 2 3 4 5 |  5.2
Alchemy        | 1 2 3 4 5 |  5.2
Armour         | 5 6 7 |  7.9
Dodging        | 5 6 7 |  7.9
Fighting       | 7 8 9 |  9.2
Polearms       | 7 8 9 |  9.2

Action                     |  1- 3 |  4- 6 |  7- 9 | 10-12 || total
---------------------------+-------+-------+-------+-------++-------
  Melee: Spear             |   129 |   240 |   119 |       ||   488
         Bite              |     6 |    18 |    57 |    15 ||    96
         Trident           |       |       |   409 |   197 ||   606
  Throw: Dart              |       |     7 |    12 |     3 ||    22
 Invoke: Berserk           |     1 |     2 |    10 |     5 ||    18
         Trog's Hand       |     1 |       |     2 |     1 ||     4
  Evoke: Phantom mirror    |       |       |       |     1 ||     1
    Use: Scroll            |       |       |    17 |       ||    17
   Stab: Distracted        |       |     1 |       |     1 ||     2
 Armour: Ring mail         |    57 |    36 |       |       ||    93
         Chain mail        |       |    33 |   323 |   143 ||   499
  Dodge: Dodged            |    32 |    45 |   143 |    72 ||   292
  Block: Kite shield       |    24 |    62 |   184 |   101 ||   371

Table legend: (Time is in decaauts)
 A = Elapsed time spent in this place.
 B = Non-inter-level travel time spent in this place.
 C = Inter-level travel time spent in this place.
 D = Time resting spent in this place.
 E = Time spent auto-exploring this place.
 F = Levels seen in this place.
 G = Mean time per level.
                   A        B        C        D        E       F      G
               +--------+--------+--------+--------+--------+-----+--------+
         Total |   9898 |   9663 |    235 |    670 |   6999 |  10 |  989.8 |
       Dungeon |   9251 |   9016 |    235 |    616 |   6694 |   9 | 1027.9 |
       Ossuary |    646 |    646 |      0 |     54 |    305 |   1 |  646.0 |
               +--------+--------+--------+--------+--------+-----+--------+

Top non-repeatable levels by time:
     D:5: 1269 daAuts
     D:6: 1233 daAuts
     D:8: 1152 daAuts
     D:7: 1136 daAuts
     D:4: 1034 daAuts
     D:1: 972 daAuts
     D:3: 880 daAuts
     D:9: 803 daAuts
     D:2: 769 daAuts
 Ossuary: 646 daAuts
